 Dungeon Crawl Stone Soup version 0.29-a0-23-ga79f92ac9c (webtiles) character file.

Game seed: 14824684505041308234

86 polve the Poker (level 4, -2/35 HPs)
             Began as a Demonspawn Monk on Jan 30, 2022.
             Slain by a gnoll (7 damage)
             ... on level 2 of the Dungeon.
             The game lasted 00:02:30 (3245 turns).

polve the Poker (Demonspawn Monk)                   Turns: 3245, Time: 00:02:31

Health: -2/35      AC:  2    Str: 10 (13) XL:     4   Next: 27%
Magic:  4/4        EV: 13    Int:  9 (11) God:
Gold:   59         SH:  0    Dex: 16 (18) Spells: 3/3 levels left

rFire   . . .      SeeInvis .   a - +0 spear
rCold   . . .      Faith    .   (no shield)
rNeg    . . .      Spirit   .   b - +0 robe
rPois   .          Reflect  .   (no helmet)
rElec   .          Harm     .   (no cloak)
rCorr   .          Rampage  .   (no gloves)
Will    .....                   (no boots)
Stlth   +++.......              (no amulet)
HPRegen 0.11/turn               (no ring)
MPRegen 0.09/turn               (no ring)

@: no status effects
A: thin skeletal structure 1, hooves 1
a: no special abilities


You were on level 2 of the Dungeon.
You visited 1 branch of the dungeon, and saw 2 of its levels.

You collected 59 gold pieces.

Inventory:

Hand Weapons
 a - a +0 spear (weapon)
Armour
 b - a +0 robe (worn)
Scrolls
 c - a scroll of enchant weapon {unknown}
 e - 2 scrolls of fog {unknown}
 g - 3 scrolls of identify {unknown}
 h - 2 scrolls of blinking {unknown}
 i - a scroll of enchant armour {unknown}
 k - a scroll of magic mapping {unknown}
 m - a scroll of vulnerability {unknown}
Potions
 f - a potion of heal wounds


   Skills:
 - Level 3.0 Fighting
 - Level 4.0 Polearms
 + Level 2.1 Armour
 - Level 2.6 Dodging
 - Level 1.7 Stealth


You had 3 spell levels left.
You didn't know any spells.
Your spell library was empty.

Dungeon Overview and Level Annotations

Branches:
Dungeon (2/15)

Altars:


Innate Abilities, Weirdness & Mutations

You have a somewhat thin skeletal structure. (Dex +2, Stealth+)
You have large cloven feet.


Message History

You are too injured to fight recklessly!
You are too injured to fight recklessly!
You are too injured to fight recklessly!
You hit the gnoll.
You kill the gnoll!
Things that are here:
a +0 club; 11 stones; a gnoll corpse You closely miss the gnoll.
The gnoll shouts!
The gnoll hits you with a +0 spear.
You barely miss the gnoll. Your kick misses the gnoll. You hit the gnoll.
You kick the gnoll, but do no damage.
The gnoll is lightly wounded.
The gnoll hits you with a +0 spear!
You barely miss the gnoll. You kick the gnoll.
The gnoll is moderately wounded.
The gnoll hits you with a +0 spear.
You closely miss the gnoll. Your kick misses the gnoll.
The gnoll is moderately wounded.
The gnoll misses you.
You hit the gnoll.
The gnoll is heavily wounded.
The gnoll hits you with a +0 spear!
* * * LOW HITPOINT WARNING * * *
You barely miss the gnoll.
The gnoll is heavily wounded.
The gnoll barely misses you.
You hit the gnoll but do no damage. Your kick misses the gnoll.
The gnoll is heavily wounded.
The gnoll barely misses you.
You closely miss the gnoll. You kick the gnoll, but do no damage.
The gnoll is heavily wounded.
The gnoll closely misses you.
You hit the gnoll but do no damage. Your kick misses the gnoll.
The gnoll is heavily wounded.
The gnoll barely misses you.
You closely miss the gnoll. You kick the gnoll, but do no damage.
The gnoll is heavily wounded.
The gnoll hits you with a +0 spear!
You die...

#...#........# #.#
#...#........# #.#
#...#........##########g#
#####........#...!....#g#
# #######..#.######.#.###
# ###### .#.######.#...#
#.(..# #.#......#.### #
#....# #.#)######.# #
#....# #.#@######.### #
#....# #.#.g........# #
#....# ###.############
###..†.#####.#......#
..................>.#
#.#....##.##.#......#
#......##.##.#......######
##.....##.##.#...........#
##.######.##.#.##....###.#


You could see a gnoll.

Vanquished Creatures
  2 adders (D:2)
  2 gnolls
  A worm (D:2)
  A dart slug (D:1)
  4 endoplasms
  5 giant cockroaches
  3 goblins
  5 hobgoblins
  2 quokkas
  6 ball pythons
  2 bats (D:1)
  4 frilled lizards
  A kobold (D:1)
  8 rats
46 creatures vanquished.

Notes
Turn   | Place    | Note
-------+----------+-------------------------------------------
     0 | D:1      | polve the Demonspawn Monk began the quest for the Orb.
     0 | D:1      | Reached XP level 1. HP: 18/18 MP: 1/1
   216 | D:1      | Reached skill level 3 in Polearms
   229 | D:1      | Gained mutation: You have a somewhat thin skeletal
                  | structure. (Dex +2, Stealth+) [demonic ancestry]
   229 | D:1      | Reached XP level 2. HP: 11/24 MP: 2/2
  1532 | D:1      | Reached XP level 3. HP: 19/29 MP: 3/3
  1704 | D:2      | Reached skill level 4 in Polearms
  1910 | D:1      | Reached skill level 1 in Armour
  2635 | D:2      | Found a faded altar of an unknown god.
  3105 | D:2      | Reached XP level 4. HP: 30/35 MP: 4/4
  3218 | D:2      | Gained mutation: You have large cloven feet. [potion of
                  | mutation]
  3245 | D:2      | Slain by a gnoll

Illustrated notes

Levels and vault maps discovered:
D:1:      amcnicky_arrival_feature_with_door, layout_basic, minmay_pentomino_p4
D:2:      layout_basic, ebering_ecumenical_altar_rust, minmay_misc_feat_enclosed

Skill      XL: |  1  2  3 |
---------------+----------+-----
Polearms       | 3 4 |  4.0
Armour         | 2 |  2.1
Fighting       | |  3.0
Dodging        | |  2.6
Stealth        | |  1.7

Action                   |  1- 3 |  4- 6 || total
-------------------------+-------+-------++-------
Melee: Spear             |   147 |    18 ||   165
       Punch             |     2 |       ||     2
       Kick              |       |     5 ||     5
  Use: Potion            |       |     4 ||     4
 Stab: Sleeping          |    16 |       ||    16
       Distracted        |     1 |     1 ||     2
Armor: Robe              |    10 |       ||    10
Dodge: Dodged            |    46 |    12 ||    58

Table legend: (Time is in decaauts)
 A = Elapsed time spent in this place.
 B = Non-inter-level travel time spent in this place.
 C = Inter-level travel time spent in this place.
 D = Time resting spent in this place.
 E = Time spent auto-exploring this place.
 F = Levels seen in this place.
 G = Mean time per level.
                   A        B        C        D        E       F      G
               +--------+--------+--------+--------+--------+-----+--------+
         Total |   3232 |   3191 |     41 |      0 |   2787 |   2 | 1616.0 |
       Dungeon |   3232 |   3191 |     41 |      0 |   2787 |   2 | 1616.0 |
               +--------+--------+--------+--------+--------+-----+--------+

Top non-repeatable levels by time:
     D:1: 1955 daAuts
     D:2: 1276 daAuts
